 Dungeon Sprint DCSS version 0.30-a0-920-g7493c07aab (webtiles) character file.

Game seed: 16168123392072414550

1827 fozzywoppz the Fighter (level 9, -6/62 HPs)
             Began as a Gargoyle Fighter on Mar 21, 2023.
             Was a Priest of Okawaru.
             Mangled by a two-headed ogre
             ... wielding a +0 giant spiked club
              (18 damage)
             ... in the Dungeon (Sprint IX: "|||||||||||||||||||||||||||||").
             The game lasted 00:03:56 (338 turns).

fozzywoppz the Fighter (Gargoyle Fighter)            Turns: 338, Time: 00:03:56

Health: -6/62      AC: 21    Str: 28    XL:     9   Next: 11%
Magic:  10/16      EV: 10    Int:  8    God:    Okawaru [***...]
Gold:   0          SH:  7    Dex: 12    Spells: 8/8 levels left

rFire   . . .      SeeInvis .    q - +1 broad axe (flame)
rCold   . . .      Faith    .    c - +0 buckler
rNeg    + . .      Spirit   .    p - +1 chain mail
rPois   ∞          Reflect  .    (no helmet)
rElec   +          Rampage  .    b - +0 cloak
rCorr   .          NoTele   +    (no gloves)
Will    .....                    (no boots) Stlth
                                 (no amulet)
HPRegen 0.30/turn                n - +3 ring of strength
MPRegen 0.15/turn                o - +3 ring of dexterity

@: heroic
A: sickness immunity, AC +6, negative energy resistance 1, electricity
resistance, torment resistance 1, petrification resistance
a: Renounce Religion, Heroism


You were in the Dungeon.
You worshipped Okawaru.
Okawaru was most pleased with you.
You visited 1 branch

Inventory:

Hand Weapons
 a - a +0 flail
 q - a +1 broad axe of flaming (weapon)
 r - a +2 heavy dire flail
Armour
 b - a +0 cloak (worn)
 c - a +0 buckler (worn)
 p - a +1 chain mail (worn)
Jewellery
 n - a +3 ring of strength (left hand)
 o - a +3 ring of dexterity (right hand)
Wands
 m - a wand of quicksilver (7)
Scrolls
 j - a scroll of blinking
 l - 2 scrolls of amnesia
Potions
 e - 4 potions of curing
 h - 4 potions of magic
 i - a potion of berserk rage
 k - a potion of invisibility


   Skills:
 - Level 10.0(15.0) Fighting
 + Level 8.9(14.6) Axes
 - Level 6.3(13.9) Maces & Flails
 - Level 8.0(13.0) Armour
 - Level 10.0(15.0) Shields
 - Level 10.0 Invocations


You had 8 spell levels left.
You didn't know any spells.
Your spell library was empty.

Dungeon Overview and Level Annotations

Branches:
Dungeon (1/1)

Altars:
Cheibriados
Dithmenos
Elyvilon
Fedhas
Gozag
Hepliaklqana
Kikubaaqudgha
Makhleb
Nemelex Xobeh
Okawaru
Qazlal
Ru
Sif Muna
Trog
Uskayaw
Vehumet
Wu Jian
Xom
Yredelemnul
Zin
The Shining One
Jiyva
Lugonu


Innate Abilities, Weirdness & Mutations

You are immune to sickness and miasma.
Your stone body is resilient. (AC +6)
You are immune to poison.
You resist negative energy. (rN+)
You are resistant to electric shocks. (rElec)
You are resistant to unholy torment.
You are immune to petrification.


Message History

You have reached level 9!
Your experience leads to an increase in your attributes!
Your base attributes are Str 23, Int 8, Dex 9.
Increase (S)trength, (I)ntelligence, or (D)exterity?
You feel stronger. x2
Blink to where?
Press: ? - help, Dir - move target
As you read the scroll of blinking, it crumbles to dust.
Aiming: Quicksilver Bolt
Press: ? - help, Shift-Dir - straight line, f - troll
Aim: a troll (71% to hit)
The bolt of dispelling energy hits the two-headed ogre!
The two-headed ogre is moderately wounded.
The bolt of dispelling energy hits the slime creature!
The slime creature is moderately wounded.
The bolt of dispelling energy hits the troll!
The troll is heavily wounded.
Aiming: Quicksilver Bolt
Press: ? - help, Shift-Dir - straight line, f/p - troll
Aim: a troll (moderately wounded, 71% to hit)
The bolt of dispelling energy hits the two-headed ogre!
The two-headed ogre is moderately wounded.
The bolt of dispelling energy hits the slime creature!
The slime creature is heavily wounded.
The bolt of dispelling energy hits the troll!
The troll is almost dead.
Okay, then.
Aiming: Quicksilver Bolt
Press: ? - help, Shift-Dir - straight line, f/p - troll
Aim: a troll (severely wounded, 71% to hit)
The bolt of dispelling energy misses the two-headed ogre.
The bolt of dispelling energy hits the slime creature!
The slime creature is heavily wounded.
The bolt of dispelling energy hits the troll!
You kill the troll!
Okawaru is honoured by your kill.
Okawaru will now gift you throwing weapons as you gain piety.
You block the two-headed ogre's attack.
The two-headed ogre hits you with a +0 giant spiked club!!
You die...

▓)▓
▓.▓
▓[▓
▓.▓
▓[▓
▓.▓
▓.▓
▓)▓
▓@▓
▓O▓
▓J▓
▓.▓
▓.▓
▓†▓
▓)▓
▓.▓
▓.▓


You could see a slime creature and a two-headed ogre.

Vanquished Creatures
  A two-headed ogre (D)
  A komodo dragon (D)
  2 trolls (D)
  A shadow (D)
  2 yaks (D)
  A centaur (D)
  A phantom (D)
  A scorpion (D)
  A hound (D)
  An orc priest (D)
  2 orc wizards (D)
  An orc (D)
  A giant cockroach (D)
  A jackal (D)
  A frilled lizard (D)
  A kobold (D)
  A rat (D)
20 creatures vanquished.

Notes
Turn   | Place    | Note
-------+----------+-------------------------------------------
     0 | D        | fozzywoppz the Gargoyle Fighter began the quest for the
                  | Orb.
     0 | D        | Reached XP level 1. HP: 14/14 MP: 1/1
    50 | D        | Noticed a phantom
    50 | D        | Noticed a centaur
    50 | D        | Noticed a scorpion
    50 | D        | Noticed a hound
    57 | D        | Killed a phantom
    58 | D        | Reached skill level 5 in Fighting
    58 | D        | Reached skill level 5 in Armour
    58 | D        | Reached skill level 5 in Shields
    58 | D        | Reached XP level 2. HP: 16/21 MP: 2/2
    58 | D        | Reached XP level 3. HP: 19/26 MP: 3/3
    58 | D        | Reached XP level 4. HP: 23/31 MP: 4/4
    63 | D        | Killed a centaur
    64 | D        | Reached skill level 5 in Maces & Flails
    64 | D        | Reached XP level 5. HP: 22/37 MP: 5/5
    81 | D        | Reached XP level 6. HP: 18/44 MP: 6/6
   181 | D        | Found a snail-covered altar of Cheibriados.
   181 | D        | Found a shadowy altar of Dithmenos.
   181 | D        | Found a white marble altar of Elyvilon.
   181 | D        | Found a blossoming altar of Fedhas.
   181 | D        | Found an opulent altar of Gozag.
   182 | D        | Found a hazy altar of Hepliaklqana.
   183 | D        | Found a viscous altar of Jiyva.
   184 | D        | Found an ancient bone altar of Kikubaaqudgha.
   185 | D        | Found a corrupted altar of Lugonu.
   186 | D        | Found a burning altar of Makhleb.
   187 | D        | Found a sparkling altar of Nemelex Xobeh.
   188 | D        | Found an iron altar of Okawaru.
   189 | D        | Found a stormy altar of Qazlal.
   190 | D        | Found a sacrificial altar of Ru.
   191 | D        | Found a shimmering blue altar of Sif Muna.
   192 | D        | Found a bloodstained altar of Trog.
   193 | D        | Found a hide-covered altar of Uskayaw.
   194 | D        | Found a radiant altar of Vehumet.
   195 | D        | Found an ornate altar of the Wu Jian Council.
   206 | D        | Found a shimmering altar of Xom.
   208 | D        | Became a worshipper of Warmaster Okawaru
   210 | D        | Found a basalt altar of Yredelemnul.
   211 | D        | Found a glowing silver altar of Zin.
   212 | D        | Found a glowing golden altar of the Shining One.
   271 | D        | Noticed a shadow
   271 | D        | Noticed a yak
   271 | D        | Noticed a yak
   282 | D        | Killed a shadow
   292 | D        | Reached XP level 7. HP: 36/50 MP: 6/9
   300 | D        | Killed a yak
   300 | D        | Reached * piety under Okawaru
   301 | D        | Reached skill level 5 in Invocations
   303 | D        | Killed a yak
   311 | D        | Noticed a troll
   311 | D        | Noticed a komodo dragon
   311 | D        | Noticed a two-headed ogre
   311 | D        | Noticed a two-headed ogre
   311 | D        | Noticed a slime creature
   311 | D        | Noticed a troll
   317 | D        | Killed a troll
   317 | D        | Reached ** piety under Okawaru
   318 | D        | Reached skill level 10 in Fighting
   318 | D        | Reached skill level 5 in Axes
   318 | D        | Reached skill level 10 in Shields
   318 | D        | Reached XP level 8. HP: 40/57 MP: 9/13
   327 | D        | Killed a komodo dragon
   332 | D        | Killed a two-headed ogre
   333 | D        | Reached skill level 10 in Invocations
   333 | D        | Reached XP level 9. HP: 10/62 MP: 9/16
   338 | D        | Killed a troll
   338 | D        | Reached *** piety under Okawaru
   338 | D        | Mangled by a two-headed ogre

Illustrated notes

Levels and vault maps discovered:
D:        linesprint [early_d, line_temple, items_1, d_10, items_2, lair_1,
          lair_end, items_3, orc_1, orc_end, items_4, d_15, swamp_1, shoals_1,
          snake_1, spider_1, d_20, vaults_1, items_5, swamp_end, shoals_end,
          snake_end, spider_end, vaults_end, d_27, items_6, zot_1, zot_end,
          crypt_end, forest_end, elf_end, slime_end, tomb_end, abyss_end,
          pan_hell_end]

Skill      XL: |  1  2  3  4  5  6  7  8 |
---------------+-------------------------+-----
Fighting       | 5 6 7 8 10 | 10.0
Maces & Flails | 4 5 6 |  6.3
Armour         | 5 6 7 8 |  8.0
Shields        | 5 6 7 8 10 | 10.0
Axes           | 2 5 8 |  8.9
Invocations    | 3 6 10 | 10.0

Action                     |  1- 3 |  4- 6 |  7- 9 || total
---------------------------+-------+-------+-------++-------
  Melee: Flail             |    28 |    22 |       ||    50
         Broad axe         |       |    17 |    28 ||    45
 Invoke: Heroism           |       |       |     1 ||     1
  Evoke: Wand              |       |       |     3 ||     3
    Use: Potion            |       |     3 |     3 ||     6
         Scroll            |       |       |     1 ||     1
 Armour: Scale mail        |    11 |    13 |       ||    24
         Chain mail        |       |     7 |     7 ||    14
  Dodge: Dodged            |    10 |    10 |    11 ||    31
  Block: Buckler           |     4 |    15 |     3 ||    22

Table legend: (Time is in decaauts)
 A = Elapsed time spent in this place.
 B = Non-inter-level travel time spent in this place.
 C = Inter-level travel time spent in this place.
 D = Time resting spent in this place.
 E = Time spent auto-exploring this place.
 F = Levels seen in this place.
 G = Mean time per level.
                   A        B        C        D        E       F      G
               +--------+--------+--------+--------+--------+-----+--------+
         Total |    343 |    343 |      0 |    110 |      0 |   1 |  343.0 |
       Dungeon |    343 |    343 |      0 |    110 |      0 |   1 |  343.0 |
               +--------+--------+--------+--------+--------+-----+--------+

Top non-repeatable levels by time:
       D: 343 daAuts
